 Dungeon Crawl Stone Soup version 0.22-a0-414-gacd343e (webtiles) character file.

90 tilp the Chiller (level 4, -11/30 HPs)
             Began as a Merfolk Ice Elementalist on May 13, 2018.
             Killed from afar by a quokka (35 damage)
             ... with an exploding inner flame
             ... hexed by the player character
             ... on level 3 of the Dungeon.
             The game lasted 00:05:40 (2902 turns).

tilp the Chiller (Merfolk Ice Elementalist)         Turns: 2902, Time: 00:05:41

Health: -11/30     AC:  3    Str:  8    XL:     4   Next: 56%
Magic:  5/7        EV: 13    Int: 15    God:
Gold:   48         SH:  0    Dex: 14    Spells: 1/7 levels left

rFire    . . .     SeeInvis .   a - +0 dagger
rCold    . . .     Gourm    .   (no shield)
rNeg     . . .     Faith    .   i - +0 robe
rPois    .         Spirit   .   (no helmet)
rElec    .         Reflect  .   j - +0 cloak
rCorr    .         Harm     .   (no gloves)
MR       .....                  (no boots)
Stlth    ++........             (no amulet)
HPRegen  0.10/turn              (no ring)
MPRegen  0.10/turn              (no ring)

@: no status effects
A: change form in water, swift swim, stealthy swim
a: no special abilities


You were on level 3 of the Dungeon.
You were not hungry.

You visited 1 branch of the dungeon, and saw 3 of its levels.

You collected 48 gold pieces.

Inventory:

Hand Weapons
 a - a +0 dagger (weapon)
 b - a +0 hunting sling
Missiles
 e - 127 stones
 q - 2 tomahawks (quivered)
Armour
 i - a +0 robe (worn)
 j - a +0 cloak (worn)
Jewellery
 o - an uncursed amulet of the gourmand
Potions
 g - 2 potions of invisibility
 h - 4 potions of flight
 m - a potion of degeneration {unknown}
 n - a potion of magic {unknown}
Comestibles
 c - 4 rations
 l - 5 chunks of flesh


   Skills:
 - Level 2.6 Dodging
 - Level 2.1 Stealth
 - Level 2.0 Spellcasting
 - Level 0.7 Conjurations
 + Level 5.7 Ice Magic


You had one spell level left.
You knew the following spells:

 Your Spells              Type           Power        Failure   Level  Hunger
a - Freeze                Ice            ###.         1%          1    #......
b - Throw Frost           Conj/Ice       ##....       9%          2    ###....
c - Ozocubu's Armour      Chrm/Ice       ##......     21%         3    ###....

Your spell library contained the following spells:

 Spells                   Type           Power        Failure   Level  Hunger
 Summon Ice Beast         Ice/Summ       ##......     56%         4    #####..
 Throw Icicle             Conj/Ice       ##......     52%         4    #####..


Dungeon Overview and Level Annotations

Branches:
Dungeon (3/15)

Altars:
Cheibriados
Dithmenos

Annotations:
D:2 small diggable vault


Message History

You see here 11 gold pieces.
Found a stone staircase leading up.
You hear the rusting of a very distant drain.
An adder comes into view.
The quokka bites you.
Some of the chunks of flesh in your inventory have rotted away.
A rat comes into view.
The quokka bites you. The rat bites you.
You barely miss the rat. The rat closely misses you. The quokka misses you.
Casting: Freeze (safe; 1% risk of failure)
Confirm with . or Enter, or press ? or * to list all spells.
Aiming: Freeze (safe; 1% risk of failure)
Press: ? - help, Shift-Dir - straight line, f - quokka
Aim: a quokka (inner flame)
You freeze the quokka.
The quokka explodes!
The fiery explosion engulfs you!
Ouch! That really hurt!
You die...

#.. #.# #.#.#. #.#
#.#.#.##.##
....(.#...
#.##..#..#####
#.##.........#
#.##........§##
###)##......###§##
..)<#......## ##@#
...........# #r#
#####.$....# #..
#.......# ..##
#..........#.#
..............#
###.####.#...#.#
#.# .##.##.# #.#
<# ##


You could see a rat.

Vanquished Creatures
  An orc priest (D:3)
  A leopard gecko (D:1)
  4 orcs
  A ball python (D:2)
  9 bats
  2 giant cockroaches
  11 goblins
  5 hobgoblins
  4 jackals (D:2)
  3 kobolds
  7 frilled lizards
  2 rats
50 creatures vanquished.

Notes
Turn   | Place    | Note
-------+----------+-------------------------------------------
     0 | D:1      | tilp the Merfolk Ice Elementalist began the quest for the Orb.
     0 | D:1      | Reached XP level 1. HP: 13/13 MP: 3/3
   362 | D:1      | Reached XP level 2. HP: 3/19 MP: 0/5
   419 | D:1      | Learned a level 2 spell: Throw Frost
   638 | D:1      | Reached skill level 4 in Ice Magic
  1282 | D:1      | Reached XP level 3. HP: 24/24 MP: 2/6
  1287 | D:1      | Learned a level 3 spell: Ozocubu's Armour
  2180 | D:2      | Found a snail-covered altar of Cheibriados.
  2358 | D:2      | Reached skill level 5 in Ice Magic
  2378 | D:2      | Found a shadowy altar of Dithmenos.
  2660 | D:3      | Reached XP level 4. HP: 14/30 MP: 0/7
  2902 | D:3      | Killed from afar by a quokka

Vault maps used:
D:1:      dpeg_arrival_ternary
D:2:      marbit_many_paths, lemuel_round_altar, due_unseen_surprise
D:3:      gup_sewer_entry_glass

Skill      XL: |  1  2  3 |
---------------+----------+-----
Ice Magic      | 4 5 |  5.7
Dodging        | |  2.6
Stealth        | |  2.1
Spellcasting   | |  2.0
Conjurations   | |  0.7

Action                   |  1- 3 |  4- 6 || total
-------------------------+-------+-------++-------
Melee: Mace              |    46 |       ||    46
       Dagger            |    46 |     2 ||    48
 Fire: Hunting sling     |     3 |     5 ||     8
 Cast: Freeze            |    37 |     6 ||    43
       Ozocubu's Armour  |     2 |     1 ||     3
  Use: Scroll            |     2 |     6 ||     8
 Stab: Sleeping          |     6 |       ||     6
  Eat: Chunk             |     6 |     1 ||     7
Armor: Robe              |    21 |     2 ||    23
Dodge: Dodged            |    86 |    10 ||    96

Table legend:
 A = Spawn XP
 B = Non-spawn XP
 C = Spawn XP percentage of total XP
 D = Spawn monster count
 E = Non-spawn monster count
 F = Spawn count percentage of total count
 G = Total turns spent on level
                    A         B        C        D         E        F      G
               +---------+---------+-------+---------+---------+-------+---------
         Total |       0 |     129 |   0.0 |       0 |      50 |   0.0 |  2902
               +---------+---------+-------+---------+---------+-------+---------
           D:1 |       0 |      37 |   0.0 |       0 |      22 |   0.0 |  1562
           D:2 |       0 |      42 |   0.0 |       0 |      24 |   0.0 |  1274
           D:3 |       0 |      50 |   0.0 |       0 |       4 |   0.0 |    66
               +---------+---------+-------+---------+---------+-------+---------
